Map: Whispers of Gold

Players

Manssquito

  • Race: Terran Terran
  • League: Diamond
  • Spawn Location: 9:00

wootwoot - Winner!

  • Race: Terran Terran
  • League: Diamond
  • Spawn Location: 5:00

VOD

Have the link to the VOD?

Description

Time

  • Played on: April 22, 2025, 4:32 a.m.
  • Length: 3:26
Show
View Real Time Build Order
Export as new Build Order

Manssquito Terran 

Build Orders:  

Get SALT Encoding   

  12  0:00  SCV  
  13  0:12  SCV  
  14  0:18  Supply Depot  
  14  0:25  SCV  
  15  0:40  SCV  
  15  0:41  Barracks  
  16  0:46  Refinery  
  16  0:52  SCV  
  17  1:02  Barracks  
  17  1:06  SCV  
  18  1:18  SCV  
  19  1:31  Orbital Command  
  19  1:35  Barracks Reactor  
  19  1:39  Barracks  
  19  1:49  Supply Depot  
  19  1:51  Marine  
  20  1:58  SCV  
  21  2:10  SCV  
  21  2:12  Marine x2  
  24  2:15  Barracks Tech Lab  
  24  2:22  SCV  
  24  2:28  Supply Depot  
  23  2:30  Marine x2  
  23  2:31  Marine  
  24  2:38  Marine  
  22  2:48  Marine x2  
  22  2:52  Marine  
  22  2:56  Marine  
Show
View Real Time Build Order
Export as new Build Order

wootwoot Terran - Winner!

Build Orders:  

Get SALT Encoding   

  12  0:00  SCV  
  13  0:12  SCV  
  14  0:19  Supply Depot  
  14  0:24  SCV  
  15  0:30  Refinery  
  16  0:48  Barracks  
  15  1:03  Barracks  
  15  1:20  Barracks  
  15  1:35  Reaper  
  15  1:39  Refinery  
  16  1:50  Reaper  
  17  2:07  Reaper x2  
  19  2:22  Reaper  
  20  2:29  Orbital Command  
  20  2:39  Reaper  
  21  2:48  Supply Depot  
  21  2:51  Reaper  
  23  3:12  SCV  
Tags
 
Matchup
TvT
Race
Terran
Replay Pack
#1B2M-Replays
Spawn Locations
Cross Positions
Add a new tag
Caveats
  • Supply blocks, unpowered buildings, or Contaminate may cause inaccurate times.
  • Supply counts are checked every 10 seconds.